 Dungeon Crawl Stone Soup version 0.27-a0-1586-gd5c625a (webtiles) character file.

Game seed: 7484166904039657710

506 Illumine the Conjurer (level 6, -8/47 HPs)
             Began as a Demigod Conjurer on July 17, 2021.
             Mangled by Duvessa (10 damage)
             ... on level 4 of the Dungeon.
             The game lasted 00:07:42 (4968 turns).

Illumine the Conjurer (Demigod Conjurer)            Turns: 4968, Time: 00:07:43

Health: -8/47      AC:  3    Str:  8    XL:     6   Next: 64%
Magic:  7/15       EV: 12    Int: 28    God:
Gold:   246        SH:  0    Dex: 12    Spells: 2/12 levels left

rFire    . . .     SeeInvis .   j - +1 whip (venom)
rCold    . . .     Faith    .   (no shield)
rNeg     . . .     Spirit   .   a - +0 robe
rPois    .         Reflect  .   (no helmet)
rElec    .         Harm     .   r - +0 cloak
rCorr    .         Rampage  .   (no gloves)
Will     +....                  (no boots)
Stlth    ++........             (no amulet)
HPRegen  0.15/turn              m - ring of willpower
MPRegen  0.14/turn              (no ring)

@: no status effects
A: high mp 1, forlorn
a: no special abilities


You were on level 4 of the Dungeon.
You visited 1 branch of the dungeon, and saw 4 of its levels.

You collected 246 gold pieces.

Inventory:

Hand Weapons
 h - a +0 club
 j - a +1 whip of venom (weapon)
Missiles
 o - 2 throwing nets
Armour
 a - a +0 robe (worn)
 e - a scarf of invisibility
 r - a +0 cloak (worn)
Jewellery
 m - a ring of willpower (left hand)
Scrolls
 d - 4 scrolls of identify {unknown}
 f - a scroll of fog {unknown}
 i - a scroll of blinking {unknown}
 k - 2 scrolls of amnesia {unknown}
 l - a scroll of noise {unknown}
 n - a scroll of enchant weapon {unknown}
 p - 2 scrolls of teleportation {unknown}
 q - a scroll of holy word {unknown}
Potions
 b - a potion of curing {unknown}
 c - a potion of lignification {unknown}
 g - a potion of brilliance {unknown}


   Skills:
 + Level 1.2 Fighting
 + Level 3.2 Dodging
 - Level 1.7 Stealth
 * Level 3.9 Spellcasting
 * Level 5.3 Conjurations
 + Level 1.0 Hexes
 + Level 1.0 Translocations


You had 2 spell levels left.
You knew the following spells:

 Your Spells              Type           Power      Damage    Failure   Level
a - Magic Dart            Conj           100%       1d8       1%          1
b - Searing Ray           Conj           70%        3d5       1%          2
c - Dazzling Flash        Conj/Hex       46%        N/A       6%          3
d - Iskenderun's Mystic   Conj/Tloc      23%        2d6       21%         4

Your spell library contained the following spells:

 Spells                   Type           Power      Damage    Failure   Level
 Fulminant Prism          Conj/Hex       11%        3d9       21%         4
 Ozocubu's Armour         Ice            5%         N/A       22%         3
 Metabolic Englaciation   Hex/Ice        4%         N/A       86%         5
 Simulacrum               Ice/Necr       2%         N/A       100%        6


Dungeon Overview and Level Annotations

Branches:
Dungeon (4/15)
 Temple: D:4-7

Annotations:
D:4 Dowan, Duvessa


Innate Abilities, Weirdness & Mutations

Your attributes grow dramatically as you level up.
You have an increased reservoir of magic. (+10% MP)
You shall have no god before yourself.


Message History

The searing ray hits Duvessa.
Duvessa is heavily wounded.
The searing ray hits Dowan!
Dowan is heavily wounded.
Duvessa drinks a potion.
Duvessa seems to grow stronger.
The searing ray misses Duvessa.
The searing ray hits Dowan!
Dowan is severely wounded.
You finish channeling your searing ray.
Dowan gestures at you while chanting. You resist with almost no effort.
Casting: Searing Ray (safe; 1% risk of failure)
Confirm with . or Enter, or press ? or * to list all spells.
Okay, then.
Casting: Searing Ray (safe; 1% risk of failure)
Confirm with . or Enter, or press ? or * to list all spells.
Duvessa is dazzled.
Duvessa closely misses you.
Dowan hisses, "Insulting my beauty only makes me fight harder!"
Dowan casts a spell at Duvessa.
Duvessa seems to speed up.
Unknown command.
Unknown command.
You closely miss Duvessa.
Duvessa is heavily wounded.
Duvessa hits you with a +0 rapier!!
Duvessa says, "My weaknesses are his strengths!"
Duvessa misses you.
Unknown command.
Duvessa hits you with a +0 rapier! Dowan hits you with a +0 dagger.
* * * LOW HITPOINT WARNING * * *
You see here a +0 rapier.
Dowan gestures wildly while chanting.
Dowan blinks!
Duvessa is no longer blind.
Duvessa hits you with a +0 rapier.
* * * LOW HITPOINT WARNING * * *
Dowan points at you and mumbles some strange words.
The puff of flame hits you!
* * * LOW HITPOINT WARNING * * *
There is an escape hatch in the ceiling here.
Duvessa closely misses you. Duvessa hits you with a +0 rapier!
You die...

#...... ### #...... ..#
#...... #.# #......###### #.#
...........# #.# ..........+
#'## #......# ...#
#.@e.).####### ...##
##...........#
....############.##........#.#
....................e.......>#
.....###########...........###
...#.## #...........# ...#..#
#...........# ...##.##
#...........# ..###..#
#######.###..


You could see Duvessa (fast, strong) and Dowan.

Vanquished Creatures
  A phantom (D:4)
  A water moccasin zombie (D:4)
  A howler monkey (D:3)
  2 jellies (D:2)
  A hound (D:4)
  A centaur skeleton (D:4)
  12 gnolls
  2 adders
  2 worms
  An orc (D:2)
  13 endoplasms
  3 giant cockroaches
  8 goblins
  5 hobgoblins
  2 jackals (D:2)
  A quokka (D:2)
  10 ball pythons
  5 bats
  4 frilled lizards
  10 kobolds
  3 rats
88 creatures vanquished.

Vanquished Creatures (others)
  5 fungi (D:2)
  13 toadstools (D:2)
18 creatures vanquished.

Grand Total: 106 creatures vanquished

Notes
Turn   | Place    | Note
-------+----------+-------------------------------------------
     0 | D:1      | Illumine the Demigod Conjurer began the quest for the Orb.
     0 | D:1      | Reached XP level 1. HP: 14/14 MP: 5/5
   824 | D:1      | Reached XP level 2. HP: 20/20 MP: 5/7
   835 | D:1      | Learned a level 2 spell: Searing Ray
  1828 | D:2      | Reached skill level 4 in Conjurations
  1998 | D:2      | Reached XP level 3. HP: 26/26 MP: 5/9
  2668 | D:2      | Reached XP level 4. HP: 32/33 MP: 3/11
  2918 | D:2      | Reached XP level 5. HP: 32/38 MP: 2/12
  2994 | D:2      | Learned a level 3 spell: Dazzling Flash
  3662 | D:3      | Learned a level 4 spell: Iskenderun's Mystic Blast
  3677 | D:3      | Reached skill level 5 in Conjurations
  4359 | D:4      | Reached XP level 6. HP: 35/46 MP: 4/14
  4772 | D:4      | Reached skill level 1 in Fighting
  4887 | D:4      | Reached skill level 1 in Hexes
  4887 | D:4      | Reached skill level 1 in Translocations
  4950 | D:4      | Noticed Duvessa
  4952 | D:4      | Noticed Dowan
  4966 | D:4      | HP: 1/47 [Dowan/puff of flame (8)]
  4968 | D:4      | Mangled by Duvessa

Illustrated notes

Levels and vault maps discovered:
D:1:      kilobyte_arrival_exit_the_forest, layout_loops_corners,
          basic_ecumenical_altar
D:2:      cheibrodos_fertilizer, layout_basic, minivault_23, minmay_octomino_e4
D:3:      layout_rooms
D:4:      minmay_diamond_boxcup, layout_basic, general_overflow_altar,
          okawaru_altar_gauntlet_db, uniq_duvessa

Skill      XL: |  1  2  3  4  5  6 |
---------------+-------------------+-----
Spellcasting   | 2 3 |  3.9
Dodging        | 2 3 |  3.2
Conjurations   | 4 5 |  5.3
Fighting       | 1 |  1.2
Hexes          | 1 |  1.0
Translocations | 1 |  1.0
Stealth        | |  1.7

Action                   |  1- 3 |  4- 6 || total
-------------------------+-------+-------++-------
Melee: Unarmed           |    35 |       ||    35
       Club              |     2 |       ||     2
       Whip              |       |    10 ||    10
 Cast: Magic Dart        |    80 |    56 ||   136
       Searing Ray       |     5 |    18 ||    23
       Dazzling Flash    |       |     1 ||     1
 Stab: Distracted        |       |     1 ||     1
Armor: Robe              |    19 |     1 ||    20
Dodge: Dodged            |    40 |    30 ||    70

Table legend: (Time is in decaauts)
 A = Elapsed time spent in this place.
 B = Non-inter-level travel time spent in this place.
 C = Inter-level travel time spent in this place.
 D = Time resting spent in this place.
 E = Time spent auto-exploring this place.
 F = Levels seen in this place.
 G = Mean time per level.
                   A        B        C        D        E       F      G
               +--------+--------+--------+--------+--------+-----+--------+
         Total |   4982 |   4709 |    273 |   1125 |   2944 |   4 | 1245.5 |
       Dungeon |   4982 |   4709 |    273 |   1125 |   2944 |   4 | 1245.5 |
               +--------+--------+--------+--------+--------+-----+--------+

Top non-repeatable levels by time:
     D:2: 1835 daAuts
     D:1: 1700 daAuts
     D:3: 806 daAuts
     D:4: 639 daAuts
